 Dungeon Crawl Stone Soup version 0.26-a0-520-g952f204493 (webtiles) character file.

Game seed: 1448867512253355015

58 ANON1729 the Sneak (level 3, -6/18 HPs)
             Began as a Spriggan Brigand on Aug 12, 2020.
             Mangled by a gnoll
             ... wielding a +0 halberd
              (9 damage)
             ... on level 2 of the Dungeon.
             The game lasted 00:02:20 (1477 turns).

ANON1729 the Sneak (Spriggan Brigand)               Turns: 1477, Time: 00:02:21

Health: -6/18      AC:  3    Str:  7    XL:     3   Next: 75%
Magic:  4/4        EV: 18    Int: 12    God:
Gold:   69         SH:  0    Dex: 18    Spells: 2/2 levels left

rFire    . . .     SeeInvis +   a - +2 dagger
rCold    . . .     Faith    .   (shield restricted)
rNeg     . . .     Spirit   .   b - +0 robe
rPois    .         Reflect  .   (helmet restricted)
rElec    .         Harm     .   c - +0 cloak
rCorr    .                      (gloves unavailable)
MR       .....                  (boots unavailable)
Stlth    +++.......             (no amulet)
HPRegen  0.06/turn              (no ring)
MPRegen  0.09/turn              (no ring)

@: very quick
A: very small, unfitting armour, see invisible, speed 3
a: no special abilities


You were on level 2 of the Dungeon.
You visited 1 branch of the dungeon, and saw 2 of its levels.

You collected 69 gold pieces.

Inventory:

Hand Weapons
 a - a +2 dagger (weapon)
Armour
 b - a +0 robe (worn)
 c - a +0 cloak (worn)
Jewellery
 j - an uncursed amulet of reflection {unknown}
 k - an uncursed ring of resist corrosion
Scrolls
 f - a scroll of amnesia {unknown}
 g - 3 scrolls of teleportation {unknown}
 i - a scroll of identify {unknown}
Potions
 h - a potion of ambrosia {unknown}
 l - a potion of curing {unknown}


   Skills:
 + Level 2.0 Fighting
 + Level 2.7 Short Blades
 + Level 2.6 Throwing
 + Level 2.7 Dodging
 + Level 6.3 Stealth


You had 2 spell levels left.
You didn't know any spells.
Your spell library was empty.

Dungeon Overview and Level Annotations

Branches:
Dungeon (2/15)

Altars:


Innate Abilities, Weirdness & Mutations

You are very small and have problems with some larger weapons.
You are too small for most types of armour.
You have supernaturally acute eyesight. (SInv)
You cover ground extremely quickly.


Message History

Press: ? - help, Shift-Dir - straight line, f/p - gnoll
Aim: a gnoll, wielding a +0 halberd (almost dead)
You throw a curare-tipped dart.
The curare-tipped dart closely misses the gnoll.
Throwing (i - inventory)
e - a curare-tipped dart (quivered)
Press: ? - help, Shift-Dir - straight line, f/p - gnoll
Aim: a gnoll, wielding a +0 halberd (almost dead)
You throw a curare-tipped dart. The curare-tipped dart hits the rat.
The rat is poisoned.
The rat convulses.
You kill the rat!
Quiver which item? (- for none, * to show all) (? for menu, Esc to quit)
Okay, then.
The gnoll misses you.
You barely miss the gnoll.
The gnoll is almost dead.
You closely miss the gnoll.
The gnoll is almost dead.
The gnoll hits you with a +0 halberd!
Ouch! That really hurt!
You die...

#............
#....[.g#
#.....g.#
#.....g.#####
#.......g....
#.......####.
############## #.
#.....###########.
#@(...#((.)..g((.(
#.g...#(##########
#.....#.#######
#..?..#......(#
#.....#.g....†#
#.....##......#
#.....##......#
+(............####
#.....#...........


You could see a gnoll.

Vanquished Creatures
  An adder (D:2)
  A gnoll (D:2)
  An ooze (D:1)
  4 bats (D:1)
  A giant cockroach (D:1)
  5 goblins
  6 hobgoblins (D:1)
  2 jackals (D:1)
  A kobold (D:1)
  4 frilled lizards (D:1)
  7 rats
33 creatures vanquished.

Notes
Turn   | Place    | Note
-------+----------+-------------------------------------------
     0 | D:1      | ANON1729 the Spriggan Brigand began the quest for the Orb.
     0 | D:1      | Reached XP level 1. HP: 10/10 MP: 2/2
   383 | D:1      | Reached skill level 6 in Stealth
   447 | D:1      | Reached XP level 2. HP: 11/15 MP: 3/3
   983 | D:1      | Reached XP level 3. HP: 18/18 MP: 4/4
  1477 | D:2      | Mangled by a gnoll

Illustrated notes

Levels and vault maps discovered:
D:1:      lightli_arrival_maybe_door_vault, layout_basic, minmay_misc_feat_five
D:2:      layout_basic, vehumet_crystals, lemuel_round_altar

Skill      XL: |  1  2  3 |
---------------+----------+-----
Stealth        | 6 |  6.3
Dodging        | 2 |  2.7
Fighting       | 2 |  2.0
Short Blades   | |  2.7
Throwing       | |  2.6

Action                   || total
-------------------------++-------
Melee: Dagger            ||   126
Throw: Dart              ||    20
 Stab: Sleeping          ||     5
       Distracted        ||     1
Armor: Robe              ||    22
Dodge: Dodged            ||   136

Table legend: (Time is in decaauts)
 A = Elapsed time spent in this place.
 B = Non-inter-level travel time spent in this place.
 C = Inter-level travel time spent in this place.
 D = Time resting spent in this place.
 E = Time spent auto-exploring this place.
 F = Levels seen in this place.
 G = Mean time per level.
                   A        B        C        D        E       F      G
               +--------+--------+--------+--------+--------+-----+--------+
         Total |   1136 |   1132 |      4 |    496 |    372 |   2 |  568.0 |
       Dungeon |   1136 |   1132 |      4 |    496 |    372 |   2 |  568.0 |
               +--------+--------+--------+--------+--------+-----+--------+

Top non-repeatable levels by time:
     D:1: 1048 daAuts
     D:2: 87 daAuts
